 Dungeon Crawl Stone Soup version 0.26.1-2-gb8aa6d0 (webtiles) character file.

Game seed: 7478935252709686619

142 Geeful the Sneak (level 5, -6/33 HPs)
             Began as an Octopode Fire Elementalist on Mar 21, 2021.
             Was an Initiate of Vehumet.
             Killed by nerve-wracking pain
             ... invoked by an orc priest
              (10 damage)
             ... on level 3 of the Dungeon.
             The game lasted 00:07:42 (3195 turns).

Geeful the Sneak (Octopode Fire Elementalist)       Turns: 3195, Time: 00:07:42

Health: -6/33      AC:  1    Str:  7    XL:     5   Next: 24%
Magic:  2/9        EV: 14    Int: 18    God:    Vehumet [......]
Gold:   99         SH:  0    Dex: 13    Spells: 1/9 levels left

rFire    . . .     SeeInvis .   d - +0 short sword
rCold    . . .     Faith    .   (no shield)
rNeg     . . .     Spirit   .   (helmet restricted)
rPois    .         Reflect  .   (no amulet)
rElec    .         Harm     .   (no ring)
rCorr    .         Rampage  .   (no ring)
Will     .....                  (no ring)
Stlth    +++.......             (no ring)
HPRegen  0.11/turn              (no ring)
MPRegen  0.11/turn              (no ring)
                                (no ring)
                                (no ring)

@: very slightly contaminated
A: almost no armour, stealthy swim, amphibious, 8 rings, constrict 8, camouflage
1, gelatinous body 1
a: Renounce Religion


You were on level 3 of the Dungeon.
You worshipped Vehumet.
Vehumet was noncommittal.
You visited 1 branch of the dungeon, and saw 3 of its levels.

You collected 99 gold pieces.

Inventory:

Hand Weapons
 d - a +0 short sword (weapon)
Scrolls
 a - 5 scrolls of identify
 b - a scroll of magic mapping
 c - a scroll of enchant armour
 e - a scroll of remove curse
 f - a scroll of immolation


   Skills:
 + Level 1.6 Fighting
 + Level 2.7 Dodging
 + Level 3.8 Stealth
 + Level 2.6 Spellcasting
 + Level 2.2 Conjurations
 + Level 3.5 Fire Magic


You had one spell level left.
You knew the following spells:

 Your Spells              Type           Power        Failure   Level
a - Foxfire               Conj/Fire      48%          5%          1
b - Inner Flame           Hex/Fire       8%           24%         3
c - Sticky Flame          Conj/Fire      12%          45%         4

Your spell library contained the following spells:

 Spells                   Type           Power        Failure   Level
 Conjure Flame            Conj/Fire      12%          16%         3
 Fireball                 Conj/Fire      6%           82%         5


Dungeon Overview and Level Annotations

Branches:
Dungeon (3/15)

Altars:
Hepliaklqana
Vehumet

Annotations:
D:2 exclusion: downstairs


Innate Abilities, Weirdness & Mutations

You cannot wear most types of armour.
You are very stealthy in the water. (Stealth+)
You are amphibious.
You can wear up to eight rings at the same time.
You can use your tentacles to constrict eight enemies at once.
Your skin changes colour to match your surroundings (Stealth+).
Your rubbery body absorbs attacks. (AC +1, EV +1)


Message History

The orc burns you.
* * * LOW HITPOINT WARNING * * *
Your foxfire dissipates!
You release your grip on the orc priest.
The foxfire hits the orc priest.
The orc priest is severely wounded.
The orc priest misses you. The orc closely misses you.
Okay, then.
Casting: Foxfire (safe; 5% risk of failure)
Confirm with . or Enter, or press ? or * to list all spells.
The spell is potentially lethal to cast (45% risk of failure)!
Continue anyway?
Aiming: Sticky Flame (potentially lethal; 45% risk of failure)
Press: ? - help, Shift-Dir - straight line, f - orc priest
Aim: an orc priest, wielding a +0 club and wearing a +0 ring mail (severely wounded, 0% to evade)
You miscast Sticky Flame.
You are very lightly contaminated with residual magic.
Nothing appears to happen.
The orc priest mumbles some strange prayers to Beogh against you.
Pain shoots through your body!
You die... ### oo#

#o# ##+##'##
#...<..#
####.......#
..#.......#
#########o#o#+#..##
#.......@.o.# ....
#.#######o#ยง#.###.#
#.# #.# #. .. #.#
#.# # ...
######.#######.#
#...............
#.###.(........#
#.###..#########
#............


You could see an orc priest, an orc wizard and 2 orcs.

Vanquished Creatures
  An iguana (D:2)
  Terence (D:2)
  A howler monkey zombie (D:2)
  An adder (D:2)
  2 oozes
  An adder zombie (D:2)
  2 adder skeletons (D:2)
  2 worms (D:2)
  3 dart slugs
  A leopard gecko (D:2)
  2 bat skeletons (D:2)
  3 giant cockroaches
  5 goblins (D:2)
  5 hobgoblins
  5 kobolds
  3 bats
  2 frilled lizards
  A giant cockroach zombie (D:2)
  3 rats
44 creatures vanquished.

Vanquished Creatures (others)
  60 foxfires
60 creatures vanquished.

Grand Total: 104 creatures vanquished

Notes
Turn   | Place    | Note
-------+----------+-------------------------------------------
     0 | D:1      | Geeful the Octopode Fire Elementalist began the quest for
                  | the Orb.
     0 | D:1      | Reached XP level 1. HP: 11/11 MP: 3/3
   472 | D:1      | Reached XP level 2. HP: 5/18 MP: 5/5
  1192 | D:2      | Reached XP level 3. HP: 22/22 MP: 0/6
  1292 | D:2      | Reached skill level 1 in Fighting
  1378 | D:2      | Reached XP level 4. HP: 19/28 MP: 7/7
  1827 | D:2      | Found a hazy altar of Hepliaklqana.
  1843 | D:2      | Found a radiant altar of Vehumet.
  1853 | D:2      | Became a worshipper of Vehumet
  2195 | D:2      | Noticed Terence
  2233 | D:2      | Killed Terence
  2234 | D:2      | Reached XP level 5. HP: 16/33 MP: 0/8
  2820 | D:2      | Learned a level 3 spell: Inner Flame
  2825 | D:2      | Learned a level 4 spell: Sticky Flame
  3195 | D:3      | Killed from afar by an orc priest

Illustrated notes

Levels and vault maps discovered:
D:1:      lemuel_arrival_room, layout_rooms
D:2:      layout_basic, overflow_temple_1_default, lemuel_doored_altar,
          serial_undead, serial_undead_a, serial_undead_c, serial_undead_f,
          serial_undead_c, serial_undead_f, uniq_terence
D:3:      layout_basic, lemuel_round_altar,
          chequers_ecumenical_altar_simple_redux,
          nicolae_ru_sacrificial_ziggurat

Skill      XL: |  1  2  3  4 |
---------------+-------------+-----
Stealth        | 3 |  3.8
Fighting       | 1 |  1.6
Conjurations   | 2 |  2.2
Dodging        | |  2.7
Spellcasting   | |  2.6
Fire Magic     | |  3.5

Action                   |  1- 3 |  4- 6 || total
-------------------------+-------+-------++-------
Melee: Unarmed           |    13 |       ||    13
       Short sword       |    29 |    67 ||    96
       Constrict         |     8 |    17 ||    25
       Tentacles         |     5 |    18 ||    23
 Cast: Foxfire           |    17 |    26 ||    43
  Use: Scroll            |     4 |     4 ||     8
       Potion            |       |     1 ||     1
 Stab: Sleeping          |     3 |     4 ||     7
Armor: Skin              |     1 |     7 ||     8
Dodge: Dodged            |    26 |    63 ||    89
